 Dungeon Crawl Stone Soup version 0.31-a0-986-g5e6e4ef867 (webtiles) character file.

Game seed: 8394690965198589409

55 gelatine the Trooper (level 3, -1/29 HPs)
             Began as a Demonspawn Fighter on Nov 12, 2023.
             Killed from afar by Grinder (6 damage)
             ... with a puff of flame
             ... on level 3 of the Dungeon.
             The game lasted 00:03:23 (1592 turns).

gelatine the Trooper (Demonspawn Fighter)           Turns: 1592, Time: 00:03:24

Health: -1/29      AC:  6    Str: 18    XL:     3   Next: 67%
Magic:  3/3        EV:  9    Int:  9    God:
Gold:   92         SH:  9    Dex: 12    Spells: 2/2 levels left

rFire   . . .        g - +6 flail
rCold   . . .        c - +0 buckler
rNeg    . . .        b - +0 scale mail
rPois   .            (no helmet)
rElec   .            (no cloak)
rCorr   .            (no gloves)
SInv    .            (no boots)
Will    .....        l - amulet of reflection Stlth
                     (no ring)
HPRegen 0.24/turn    (no ring)
MPRegen 0.08/turn

%: reflection
@: mighty
A: condensation shield
a: no special abilities


You were on level 3 of the Dungeon.
You visited 1 branch of the dungeon, and saw 3 of its levels.

You collected 92 gold pieces.

Inventory:

Hand Weapons
 a - a +0 war axe
 g - a +6 flail (weapon)
Armour
 b - a +0 scale mail (worn)
 c - a +0 buckler (worn)
Jewellery
 f - a ring of ice
 l - an amulet of reflection (around neck)
Scrolls
 k - 2 scrolls of vulnerability
 m - a scroll of identify
Potions
 e - a potion of berserk rage
 h - 2 potions of curing
 i - a potion of mutation
 j - a potion of invisibility {unknown}


   Skills:
 * Level 3.5 Fighting
 * Level 2.2 Axes
 + Level 0.3(1.4) Maces & Flails
 * Level 2.9 Armour
 * Level 0.3 Dodging
 * Level 0.4 Stealth
 * Level 3.1 Shields
 * Level 0.1 Spellcasting


You had 2 spell levels left.
You didn't know any spells.
Your spell library was empty.

Dungeon Overview and Level Annotations

Branches:
Dungeon (3/15)

Altars:
Ashenzari
Cheibriados
Dithmenos
Fedhas
Okawaru

Annotations:
D:3 Grinder


Innate Abilities, Weirdness & Mutations

A meltable shield of frost defends you. (SH +0)


Message History

Found an iron altar of Okawaru.
Found a glowing golden altar of the Shining One.
Grinder comes into view.
She is carrying a wand of flame.
Grinder moves out of view.
Found 4 gold pieces.
Found a shadowy altar of Dithmenos.
Grinder blinks!
Grinder gestures at you. Pain shoots through your body!
You hit Grinder.
Grinder is lightly wounded.
Grinder hits you.
You writhe in agony.
Unknown command.
You barely miss Grinder.
Grinder is lightly wounded.
Grinder gestures at you. Pain shoots through your body!
Unknown command.
You closely miss Grinder.
Grinder is lightly wounded.
You block Grinder's attack. Grinder gestures at you.
Pain shoots through your body!
* * * LOW HITPOINT WARNING * * *
You feel very mighty all of a sudden.
Grinder blinks!
You feel better. Grinder hits you.
You writhe in agony.
* * * LOW HITPOINT WARNING * * *
You barely miss Grinder.
Grinder is lightly wounded.
Grinder completely misses you.
Unknown command.
You sock Grinder!
Grinder is moderately wounded.
Grinder blinks!
Grinder zaps a wand.
The puff of flame hits you.
Your condensation shield dissipates!
* * * LOW HITPOINT WARNING * * *
Grinder zaps a wand.
The puff of flame hits you.
You die...
Grinder says, "Now the real fun starts!"

####....######
#.........###
###..####...#
#########.#
##.....###.#
##..._..5##)#
#..⌠...⌠..#.#
#....#....#.#
#$_@###._.#.###
#...##....#...#
#...#..8..#...#
.....#....##...#
#######._.###._.#
#....#....#
#..⌠...⌠..#
##..._...##
##.....##


You could see Grinder.

Vanquished Creatures
  A worm (D:2)
  A dart slug (D:1)
  3 orcs (D:3)
  3 ball pythons
  6 bats
  2 endoplasms (D:1)
  4 giant cockroaches
  3 goblins (D:1)
  5 hobgoblins
  2 quokkas (D:1)
  5 frilled lizards (D:1)
  6 kobolds
  3 rats (D:1)
44 creatures vanquished.

Notes
Turn   | Place    | Note
-------+----------+-------------------------------------------
     0 | D:1      | gelatine the Demonspawn Fighter began the quest for the
                  | Orb.
     0 | D:1      | Reached XP level 1. HP: 18/18 MP: 1/1
    86 | D:1      | Gained mutation: A meltable shield of frost defends you.
                  | (SH +0) [demonic ancestry]
    86 | D:1      | Reached XP level 2. HP: 24/24 MP: 2/2
   408 | D:1      | Reached XP level 3. HP: 29/29 MP: 3/3
  1504 | D:3      | Found a faded altar of an unknown god.
  1560 | D:3      | Found a blossoming altar of Fedhas.
  1565 | D:3      | Found a snail-covered altar of Cheibriados.
  1570 | D:3      | Found a broken altar of Ashenzari.
  1574 | D:3      | Found an iron altar of Okawaru.
  1580 | D:3      | Noticed Grinder
  1581 | D:3      | Found a shadowy altar of Dithmenos.
  1592 | D:3      | Killed from afar by Grinder

Illustrated notes

Levels and vault maps discovered:
D:1:      elethiomel_arrival_quiet, layout_basic, kennysheep_pointless_box
D:2:      layout_loops_ring
D:3:      layout_rooms, nicolae_overflow_hallway_of_the_gods,
          dreamdust_ecumenical_altar_statues, uniq_grinder

Skill      XL: |  1  2 |
---------------+-------+-----
Axes           | 2 |  2.2
Shields        | 3 |  3.1
Fighting       | |  3.5
Maces & Flails | |  0.3
Armour         | |  2.9
Dodging        | |  0.3
Stealth        | |  0.4
Spellcasting   | |  0.1

Action                     || total
---------------------------++-------
  Melee: War axe           ||    25
         Flail             ||    75
    Use: Scroll            ||     5
         Potion            ||     2
 Armour: Scale mail        ||    59
  Dodge: Dodged            ||    27
  Block: Buckler           ||    42

Table legend: (Time is in decaauts)
 A = Elapsed time spent in this place.
 B = Non-inter-level travel time spent in this place.
 C = Inter-level travel time spent in this place.
 D = Time resting spent in this place.
 E = Time spent auto-exploring this place.
 F = Levels seen in this place.
 G = Mean time per level.
                   A        B        C        D        E       F      G
               +--------+--------+--------+--------+--------+-----+--------+
         Total |   1630 |   1579 |     51 |      0 |   1200 |   3 |  543.3 |
       Dungeon |   1630 |   1579 |     51 |      0 |   1200 |   3 |  543.3 |
               +--------+--------+--------+--------+--------+-----+--------+

Top non-repeatable levels by time:
     D:1: 853 daAuts
     D:2: 672 daAuts
     D:3: 104 daAuts
